 Dungeon Crawl Stone Soup version 0.20.1-1-g8b1a95d (webtiles) character file.

62973 Monsterracer the Covert (level 15, -10/136 HPs)
             Began as a Naga Transmuter on Aug 14, 2017.
             Was the Champion of Cheibriados.
             Mangled by a two-headed ogre
             ... wielding a +0 giant club
              (15 damage)
             ... on level 2 of the Orcish Mines.
             The game lasted 01:07:31 (22298 turns).

Monsterracer the Covert (Naga Transmuter)          Turns: 22298, Time: 01:07:31

Health: -10/136    AC: 17    Str: 28    XL:     15   Next: 8%
Magic:  12/23      EV: 15    Int: 33    God:    Cheibriados [******]
Gold:   948        SH:  0    Dex: 28    Spells: 5/24 levels left

rFire    + . .     SeeInvis +     - Unarmed
rCold    . . .     Gourm    +   (shield currently unavailable)
rNeg     . . .     Faith    .   S - quicksilver dragon scales
rPois    +         Spirit   .   Q - +2 helmet
rElec    .         Reflect  .   v - +2 cloak {+Inv}
rCorr    .         Harm     .   (gloves currently unavailable)
MR       ++...                  (no barding)
Stlth    ++........             f - amulet of the gourmand
Regen    0.4/turn               O - ring of protection from fire
MPRegen  0.2/turn               F - ring of wizardry

@: confused, blade hands, very slightly contaminated, very slow
A: see invisible, deformed body, poison resistance, slowness 2, slow metabolism
1, spit poison 1, constrict 1, AC +5
a: Spit Poison, End Transformation, Bend Time, Temporal Distortion, Slouch, Step
From Time, Renounce Religion, Evoke Invisibility


You were on level 2 of the Orcish Mines.
You worshipped Cheibriados.
Cheibriados was exalted by your worship.
You were very full.
You had blades for hands.
You visited 4 branches of the dungeon, and saw 18 of its levels.
You also visited: Bailey.

You collected 1335 gold pieces.
You spent 387 gold pieces at shops.

Inventory:

Missiles
 a - 299 arrows
 k - 564 stones (quivered)
 o - 3 throwing nets
Armour
 v - a +2 cloak of invisibility (worn)
 B - a +0 pair of gloves (melded)
 Q - a +2 helmet (worn)
 S - quicksilver dragon scales (worn)
Magical Staves
 b - an uncursed staff of energy (melded) {!a}
Jewellery
 f - an amulet of the gourmand (around neck)
 w - an uncursed ring of flight
 C - an uncursed ring of resist corrosion
 F - a ring of wizardry (right scythe-like blade)
 L - an uncursed ring of positive energy
 O - a ring of protection from fire (left scythe-like blade)
 P - an uncursed ring of protection from cold
Wands
 c - a wand of lightning (7/15)
 A - a wand of acid (6/15)
 N - a wand of lightning (5/15)
Scrolls
 g - 7 scrolls of identify
 n - 6 scrolls of remove curse
 q - 4 scrolls of teleportation
 t - 3 scrolls of enchant armour
 D - 3 scrolls of recharging
 H - a scroll of immolation
 K - 2 scrolls of magic mapping
 R - a scroll of fear
 W - a scroll of blinking
Potions
 i - 3 potions of agility
 j - 5 potions of heal wounds
 m - 3 potions of invisibility
 r - 2 potions of might
 u - 3 potions of ambrosia
 x - 2 potions of resistance
 z - 5 potions of curing
 E - 3 potions of lignification
 I - a potion of brilliance
 M - a potion of magic
 V - 2 potions of mutation
Books
 e - a book of Burglary

   Spells                             Type                      Level
   a - Swiftness                      Charms/Air                   2
   b - Passwall                       Transmutation/Earth          2
   c - Passage of Golubria            Translocation                4
   d - Lee's Rapid Deconstruction     Earth                        5
   e - Darkness                       Hexes                        6
   f - Invisibility                   Hexes                        6
 l - a book of Maledictions

   Spells                             Type                      Level
   a - Corona                         Hexes                        1
   b - Ensorcelled Hibernation        Hexes/Ice                    2
   c - Confuse                        Hexes                        3
   d - Tukima's Dance                 Hexes                        3
   e - Dazzling Spray                 Conjuration/Hexes            3
 U - a book of Necromancy

   Spells                             Type                      Level
   a - Pain                           Necromancy                   1
   b - Animate Skeleton               Necromancy                   1
   c - Vampiric Draining              Necromancy                   3
   d - Regeneration                   Charms/Necromancy            3
   e - Animate Dead                   Necromancy                   4
   f - Control Undead                 Necromancy                   4
Comestibles
 d - 15 bread rations
 h - 9 meat rations
 p - 3 royal jellies
 s - 29 fruits


   Skills:
 + Level 9.5 Fighting
 + Level 4.3 Armour
 - Level 6.2 Dodging
 + Level 14.4 Stealth
 * Level 13.5 Unarmed Combat
 + Level 5.3 Spellcasting
 - Level 1.5 Necromancy
 - Level 9.3 Transmutations
 - Level 3.0 Ice Magic
 - Level 3.5 Poison Magic
 * Level 11.3 Invocations
 + Level 3.7 Evocations


You had 5 spell levels left.
You knew the following spells:

 Your Spells              Type           Power        Failure   Level  Hunger
a - Ice Form              Ice/Tmut       #####...     13%         4    ###....
b - Sticks to Snakes      Tmut           ######..     3%          2    None
c - Spider Form           Tmut/Pois      ######....   7%          3    None
d - Blade Hands           Tmut           ######....   12%         5    #####..
e - Passwall              Tmut/Erth      #####.....   7%          2    None
f - Regeneration          Chrm/Necr      ##........   26%         3    None


Dungeon Overview and Level Annotations

Branches:
Dungeon (9/15)             Temple (1/1) D:7            Lair (6/6) D:9
  Swamp (0/4) Lair:2       Spider (0/4) Lair:3        Slime (0/5) Lair:5
    Orc (2/2) D:9             Elf (0/3) Orc:2

Altars:
Ashenzari
Cheibriados
Dithmenos
Elyvilon
Fedhas
Gozag
Hepliaklqana
Kikubaaqudgha
Makhleb
Nemelex Xobeh
Okawaru
Qazlal
Ru
Sif Muna
Trog
Uskayaw
Vehumet
Xom
Yredelemnul
Zin
The Shining One

Shops:
D:4 (   D:6 *   D:8 [


Innate Abilities, Weirdness & Mutations

You cannot wear boots.
Your serpentine skin is tough. (AC +5)
You have supernaturally acute eyesight. (SInv)
Armour fits poorly on your strangely shaped body.
Your system is resistant to poisons. (rPois)
You cover ground very slowly.
You have a slow metabolism.
You can spit poison.
You can use your snake-like lower body to constrict enemies.


Message History

Huge Dmg: -6%(-8hp) hp: 14%(18hp)
Okay, then.
Unknown command.
You don't have enough magic at the moment.
You are confused.
You feel invigorated. The warg bites you but does no damage.
The two-headed ogre barely misses you.
The two-headed ogre hits you but does no damage.
The warg bites you.
* * * LOW HITPOINT WARNING * * *
An ogre and an ogre mage come into view.
Unknown command.
The ogre mage shouts!
The ogre shouts!
You shred the warg!!!
You kill the warg!
Cheibriados thoroughly appreciates the change of pace.
The two-headed ogre hits you with a giant club!
* * * LOW HITPOINT WARNING * * *
The two-headed ogre hits you with a giant spiked club!
You die...

##..........O.O
...............
................
...........T....
.......)T)....
#...))........
#.))O[......#.
#.(@O........#
##(O)........#
#...#.......#
#..>##.......
#...#........
##...#<..##
#.......##
..........#.#
.............#


You could see 3 two-headed ogres, an ogre mage, a deep troll, a troll and an
ogre.

Vanquished Creatures
  Rupert (Lair:3)
  The ghost of Savaroth the Severer, a journeyman MiBe of Trog (Lair:6)
  5 dire elephants (Lair:6)
  Josephine (Lair:5)
  An ogre mage (Orc:2)
  2 anacondas
  3 hydras
  5 two-headed ogres
  The ghost of Monsterracer the Zephyrmancer, a novice TeAE of Ashenzari (D:8)
  A deep troll (Orc:2)
  Pikel (D:6)
  An oklob plant (Lair:5)
  A cyclops (Orc:2)
  25 elephants
  Psyche (D:8)
  Joseph (D:7)
  6 black mambas
  A torpor snail (Lair:6)
  12 spiny frogs
  A rime drake (Lair:6)
  8 komodo dragons
  2 polar bears (Lair:3)
  8 trolls
  Grinder (D:6)
  22 blink frogs
  12 hippogriffs
  A spriggan (Lair:1)
  2 redbacks (Lair:3)
  2 wyverns
  4 wraiths (Lair:5)
  22 yaks
  A basilisk (Lair:6)
  An insubstantial wisp (Lair:2)
  6 swamp worms (Lair:2)
  Menkaure (D:6)
  A warg (Orc:2)
  7 porcupines
  Duvessa (D:5)
  15 water moccasins
  12 orc warriors
  A black bear (Lair:1)
  3 slaves (D:6)
  A necrophage (D:9)
  2 ice beasts
  5 phantoms
  18 ogres
  36 wolves
  10 crocodiles
  7 centaurs
  7 big kobolds
  15 bullfrogs
  A gnoll sergeant (D:8)
  Dowan (D:5)
  A wyvern skeleton (D:9)
  5 scorpions
  A water moccasin skeleton (D:8)
  5 killer bees (D:7)
  3 wights (D:9)
  4 electric eels
  A howler monkey (D:4)
  5 crimson imps
  A bullfrog skeleton (D:6)
  2 hounds
  2 jellies
  14 orc priests
  Crazy Yiuf (D:6)
  A centaur skeleton (D:4)
  16 orc wizards
  Ijyb (D:5)
  An iguana (D:7)
  9 worker ants
  A hound skeleton (D:4)
  5 adders
  11 gnolls
  A howler monkey skeleton (D:5)
  2 shadow imps
  2 oozes
  An adder skeleton (D:5)
  2 worms
  A dart slug (D:2)
  6 leopard geckos
  53 orcs
  6 giant cockroaches
  24 hobgoblins
  10 jackals
  3 quokkas
  7 bats
  6 frilled lizards
  38 goblins
  A jackal skeleton (D:4)
  22 kobolds
  A leopard gecko skeleton (D:4)
  4 rats
  4 plants
591 creatures vanquished.

Vanquished Creatures (collateral kills)
  An adder (D:2)
1 creature vanquished.

Vanquished Creatures (others)
  A slave (D:6)
  A bush (Lair:2)
  23 fungi
  19 plants
44 creatures vanquished.

Grand Total: 636 creatures vanquished

Notes
Turn   | Place    | Note
-------+----------+-------------------------------------------
     0 | D:1      | Monsterracer the Naga Transmuter began the quest for the Orb.
     0 | D:1      | Reached XP level 1. HP: 18/18 MP: 3/3
   107 | D:1      | HP: 7/18 [hobgoblin/club (5)]
   111 | D:1      | HP: 3/18 [hobgoblin/club (2)]
   557 | D:1      | HP: 9/18 [frilled lizard (2)]
   558 | D:1      | Reached XP level 2. HP: 13/25 MP: 1/5
   564 | D:1      | Learned a level 2 spell: Sticks to Snakes
   569 | D:1      | HP: 11/25 [giant cockroach (1)]
   913 | D:1      | You fall through a shaft!
   980 | D:2      | Reached skill level 1 in Stealth
   980 | D:2      | Reached XP level 3. HP: 27/31 MP: 3/6
   987 | D:2      | Learned a level 3 spell: Spider Form
  1147 | D:2      | Reached skill level 1 in Poison Magic
  1984 | D:1      | Reached XP level 4. HP: 29/38 MP: 4/7
  2672 | D:3      | Reached skill level 2 in Stealth
  2897 | D:3      | Reached XP level 5. HP: 34/44 MP: 5/8
  3177 | D:4      | Noticed an ogre
  3195 | D:4      | Killed an ogre
  3195 | D:4      | Reached skill level 3 in Stealth
  3195 | D:4      | Reached XP level 6. HP: 51/51 MP: 3/9
  3488 | D:4      | Found Jumo's Antique Weapon Shoppe.
  3516 | D:4      | HP: 25/51 [goblin (4)]
  3521 | D:4      | HP: 17/51 [howler monkey (6)]
  3543 | D:4      | Reached skill level 4 in Stealth
  3776 | D:4      | Reached XP level 7. HP: 57/58 MP: 8/10
  3791 | D:4      | Reached skill level 5 in Unarmed Combat
  4712 | D:4      | Reached skill level 5 in Stealth
  4712 | D:4      | Reached skill level 5 in Transmutations
  4713 | D:4      | HP: 26/61 [gnoll/spear (7)]
  4719 | D:4      | Reached XP level 8. HP: 21/68 MP: 8/11
  4730 | D:4      | HP: 21/68 [hobgoblin/club (2)]
  4776 | D:3      | Learned a level 5 spell: Blade Hands
  5359 | D:5      | Entered Level 5 of the Dungeon
  5461 | D:5      | Noticed Ijyb
  5464 | D:5      | Paralysed by Ijyb for 6 turns
  5472 | D:5      | HP: 34/69 [Ijyb/club (3)]
  5477 | D:5      | Killed Ijyb
  6035 | D:5      | Noticed Duvessa
  6035 | D:5      | Noticed Dowan
  6070 | D:5      | Killed Duvessa
  6070 | D:5      | Reached skill level 6 in Stealth
  6072 | D:5      | Killed Dowan
  6572 | D:6      | Noticed Menkaure
  6581 | D:6      | Killed Menkaure
  6581 | D:6      | Reached XP level 9. HP: 59/78 MP: 6/12
  6873 | D:6      | Reached skill level 7 in Stealth
  7059 | D:6      | Found Pyraff's Assorted Antiques.
  7334 | D:6      | Noticed Grinder
  7342 | D:6      | Paralysed by Grinder for 3 turns
  7356 | D:6      | Noticed Pikel
  7362 | D:6      | Killed Pikel
  7362 | D:6      | Reached skill level 5 in Fighting
  7370 | D:6      | Killed Grinder
  7370 | D:6      | Reached skill level 8 in Stealth
  7392 | D:6      | Bought an embroidered cloak for 142 gold pieces
  7419 | D:6      | Bought 2 scrolls labeled KEHUOW FYGAL for 38 gold pieces
  7424 | D:6      | Bought a tubular granite ring for 95 gold pieces
  7424 | D:6      | Bought a grey potion for 17 gold pieces
  7424 | D:6      | Bought a peridot ring for 95 gold pieces
  7442 | D:6      | HP: 34/81 [centaur (8)]
  7443 | D:6      | Reached XP level 10. HP: 37/88 MP: 2/13
  7857 | D:6      | Found a runed door.
  7927 | D:6      | Noticed Crazy Yiuf
  7933 | D:6      | Killed Crazy Yiuf
  8207 | D:7      | HP: 42/88 [hippogriff (8)]
  8595 | D:7      | Noticed Joseph
  8603 | D:7      | Killed Joseph
  8712 | D:7      | HP: 45/91 [killer bee (6)]
  8718 | D:7      | HP: 28/91 [poisoned by a killer bee]
  8721 | D:7      | HP: 10/91 [iguana (14)]
  8724 | D:7      | HP: 1/136 [killer bee (5)]
  8729 | D:7      | HP: 25/136 [poisoned by an orc]
  8735 | D:7      | HP: 25/136 [poisoned by an orc]
  8743 | D:7      | HP: 25/136 [poisoned by an orc]
  8748 | D:7      | HP: 25/136 [poisoned by an orc]
  9460 | D:7      | Found a staircase to the Ecumenical Temple.
  9471 | Temple   | Entered the Ecumenical Temple
  9498 | Temple   | Became a worshipper of Cheibriados the Contemplative
  9717 | D:8      | Found Damyggum's Armour Shoppe.
  9725 | D:8      | Noticed Psyche
  9731 | D:8      | Killed Psyche
  9731 | D:8      | Reached skill level 9 in Stealth
  9786 | D:8      | Reached skill level 1 in Invocations
  9830 | D:8      | Found a flagged portal.
  9835 | D:8      | HP: 40/91 [gnoll sergeant/trident of flaming (12)]
  9838 | D:8      | Reached * piety under Cheibriados
 10039 | Bailey   | Entered a bailey
 10100 | Bailey   | HP: 44/91 [orc/spear (2)]
 10105 | Bailey   | HP: 21/91 [orc/halberd (12)]
 10654 | D:8      | Noticed Monsterracer's ghost (novice TeAE)
 10662 | D:8      | HP: 44/91 [Monsterracer's ghost/zap (10)]
 10663 | D:8      | Killed Monsterracer's ghost
 10663 | D:8      | Reached XP level 11. HP: 47/97 MP: 10/14
 11075 | D:8      | Reached ** piety under Cheibriados
 11421 | D:9      | Found a staircase to the Lair.
 11591 | D:9      | Learned a level 4 spell: Ice Form
 11653 | D:9      | Reached skill level 1 in Ice Magic
 11654 | D:9      | HP: 40/98 [orc warrior/halberd (15)]
 11659 | D:9      | HP: 14/98 [orc warrior/halberd (9)]
 11982 | D:9      | Reached *** piety under Cheibriados
 12002 | D:9      | Found a stormy altar of Qazlal.
 12150 | D:9      | Reached skill level 1 in Evocations
 12917 | D:9      | Found a staircase to the Orcish Mines.
 13036 | D:9      | Noticed a two-headed ogre
 13041 | D:9      | Killed a two-headed ogre
 13190 | D:9      | Reached **** piety under Cheibriados
 13241 | Lair:1   | Entered Level 1 of the Lair of Beasts
 13451 | Lair:1   | HP: 42/99 [black mamba (10)]
 13455 | Lair:1   | Reached skill level 10 in Unarmed Combat
 13754 | Lair:1   | Reached skill level 10 in Stealth
 13759 | Lair:1   | Reached skill level 5 in Dodging
 13761 | Lair:1   | Reached skill level 5 in Invocations
 13869 | Lair:1   | HP: 45/99 [blink frog (13)]
 13870 | Lair:1   | Reached XP level 12. HP: 27/106 MP: 10/16
 15039 | Lair:2   | Reached ***** piety under Cheibriados
 15397 | Lair:2   | Found a staircase to the Swamp.
 15639 | Lair:2   | Reached skill level 11 in Stealth
 15811 | Lair:2   | HP: 53/109 [porcupine's spines (12)]
 15816 | Lair:2   | HP: 51/109 [wolf (1)]
 15835 | Lair:2   | HP: 50/109 [wolf (7)]
 16472 | Lair:3   | Found a hole to the Spider Nest.
 16869 | Lair:1   | Noticed a five-headed hydra
 16875 | Lair:1   | Killed a five-headed hydra
 16875 | Lair:1   | Reached skill level 12 in Stealth
 17162 | Lair:3   | Gained mutation: You can use your snake-like lower body to constrict enemies. [Naga growth]
 17162 | Lair:3   | Reached XP level 13. HP: 104/117 MP: 13/18
 17301 | Lair:3   | Noticed Rupert
 17313 | Lair:3   | Killed Rupert
 17313 | Lair:3   | Reached skill level 1 in Armour
 17341 | Lair:3   | Learned a level 3 spell: Ozocubu's Armour
 17343 | Lair:3   | Found a sparkling altar of Nemelex Xobeh.
 17809 | Lair:4   | Reached ****** piety under Cheibriados
 18799 | Lair:5   | Reached skill level 13 in Stealth
 18893 | Lair:5   | Noticed Josephine
 18898 | Lair:5   | Killed Josephine
 18940 | Lair:5   | Learned a level 3 spell: Regeneration
 19206 | Lair:5   | Learned a level 2 spell: Passwall
 19211 | Lair:5   | Found a staircase to the Slime Pits.
 19220 | Lair:5   | HP: 54/120 [acid (18)]
 19221 | Lair:5   | Reached XP level 14. HP: 57/127 MP: 15/21
 19837 | Lair:6   | Entered Level 6 of the Lair of Beasts
 19857 | Lair:6   | HP: 63/127 [hippogriff (1)]
 19861 | Lair:6   | Reached skill level 10 in Invocations
 19862 | Lair:6   | HP: 62/127 [poisoned by a spiny frog]
 19867 | Lair:6   | HP: 62/127 [poisoned by a spiny frog]
 19876 | Lair:6   | HP: 63/127 [poisoned by a spiny frog]
 19882 | Lair:6   | HP: 63/127 [poisoned by a spiny frog]
 20153 | Lair:6   | Noticed Savaroth's ghost (journeyman MiBe)
 20162 | Lair:6   | Killed Savaroth's ghost
 20348 | Lair:6   | Reached skill level 1 in Necromancy
 20420 | Lair:6   | HP: 58/129 [elephant (12)]
 21463 | Lair:6   | Reached skill level 14 in Stealth
 21483 | Lair:6   | Noticed a dire elephant
 21483 | Lair:6   | Noticed a dire elephant
 21488 | Lair:6   | HP: 64/129 [dire elephant (29)]
 21492 | Lair:6   | Killed a dire elephant
 21493 | Lair:6   | HP: 31/129 [dire elephant (2)]
 21506 | Lair:6   | Killed a dire elephant
 21525 | Lair:6   | Noticed a dire elephant
 21561 | Lair:6   | Killed a dire elephant
 21561 | Lair:6   | Reached skill level 5 in Spellcasting
 21854 | Lair:6   | Noticed a dire elephant
 21855 | Lair:6   | Noticed a dire elephant
 21864 | Lair:6   | Killed a dire elephant
 21867 | Lair:6   | Killed a dire elephant
 22014 | Orc:1    | Entered Level 1 of the Orcish Mines
 22258 | Orc:2    | Entered Level 2 of the Orcish Mines
 22259 | Orc:2    | Found a staircase to the Elven Halls.
 22291 | Orc:2    | HP: 58/129 [two-headed ogre/giant club (16)]
 22292 | Orc:2    | Reached XP level 15. HP: 62/136 MP: 15/23
 22292 | Orc:2    | HP: 24/136 [cyclops/large rock (39)]
 22297 | Orc:2    | HP: 19/136 [warg (3)]
 22298 | Orc:2    | HP: 5/136 [two-headed ogre/giant club (17)]
 22298 | Orc:2    | Mangled by a two-headed ogre

Skill      XL: |  1  2  3  4  5  6  7  8  9 10 11 12 13 14 |
---------------+-------------------------------------------+-----
Stealth        | 1 2 3 4 5 6 8 9 10 12 13 14 | 14.4
Poison Magic   | 1 2 3 |  3.5
Transmutations | 3 4 5 6 7 9 |  9.3
Unarmed Combat | 4 5 7 8 9 10 11 12 13 | 13.5
Fighting       | 2 4 5 6 7 8 9 |  9.5
Dodging        | 2 3 4 5 6 |  6.2
Invocations    | 2 5 7 9 11 | 11.3
Ice Magic      | 3 |  3.0
Evocations     | 3 |  3.7
Armour         | 2 4 |  4.3
Spellcasting   | 3 5 |  5.3
Necromancy     | 1 |  1.5

Action                   |  1- 3 |  4- 6 |  7- 9 | 10-12 | 13-15 || total
-------------------------+-------+-------+-------+-------+-------++-------
Melee: Unarmed           |    99 |   157 |   360 |   585 |   371 ||  1572
       Headbutt          |     2 |       |       |       |       ||     2
       Punch             |     1 |     5 |     3 |    28 |    44 ||    81
       Constrict         |       |       |       |       |    64 ||    64
Throw: Stone             |       |       |     2 |     5 |     2 ||     9
       Tomahawk          |       |       |     2 |       |       ||     2
 Cast: Beastly Appendage |     4 |       |       |       |       ||     4
       Sticks to Snakes  |     1 |       |     1 |       |       ||     2
       Spider Form       |     1 |     7 |    20 |    15 |     1 ||    44
       Blade Hands       |       |       |     6 |    75 |    67 ||   148
       Ice Form          |       |       |       |     2 |     2 ||     4
       Regeneration      |       |       |       |       |     3 ||     3
Invok: Bend Time         |       |       |       |     1 |     1 ||     2
       Slouch            |       |       |       |     1 |     4 ||     5
       Temporal Distorti |       |       |       |       |     1 ||     1
 Abil: Spit Poison       |    12 |    18 |    25 |     8 |       ||    63
       Evoke Invisibilit |       |       |       |     2 |     1 ||     3
Evoke: Wand              |       |       |     3 |       |       ||     3
  Use: Scroll            |       |    13 |    10 |     9 |     5 ||    37
       Potion            |       |       |       |     4 |     3 ||     7
 Stab: Sleeping          |     1 |       |    10 |     9 |     8 ||    28
       Invisible         |       |       |       |     2 |     3 ||     5
       Distracted        |       |       |       |     2 |       ||     2
  Eat: Chunk             |     4 |     5 |    18 |    28 |    15 ||    70
Armor: Robe              |    21 |    33 |    55 |   145 |       ||   254
       Skin              |       |     1 |     4 |    20 |     2 ||    27
       Quicksilver drago |       |       |       |       |   148 ||   148
Dodge: Dodged            |    68 |    89 |   249 |   390 |   280 ||  1076
